 Dungeon Crawl Stone Soup version 0.30-a0-165-g1891117ce2 (webtiles) character file.

Game seed: 2434257637595183507

16460 Lolow the Blocker (level 12, -7/103 HPs)
             Began as a Hill Orc Fighter on Sept 27, 2022.
             Was a Priest of Makhleb.
             Shot with an arrow by Nessos (11 damage)
             ... on level 5 of the Lair of Beasts on Sept 28, 2022.
             The game lasted 01:33:25 (12569 turns).

Lolow the Blocker (Hill Orc Fighter)               Turns: 12569, Time: 01:33:26

Health: -7/103     AC: 14    Str: 27    XL:     12   Next: 37%
Magic:  13/13      EV: 10    Int:  8    God:    Makhleb [***...]
Gold:   624        SH: 19    Dex: 14    Spells: 10/11 levels left

rFire   . . .      SeeInvis .    a - +4 mace of the Scorching Gods {drain, Str+7}
rCold   + . .      Faith    .    o - +2 kite shield
rNeg    . . .      Spirit   .    w - +3 scale mail {rPois}
rPois   +          Reflect  +    s - +0 helmet
rElec   .          Harm     .    O - +0 cloak
rCorr   .          Rampage  .    (no gloves)
Will    .....                    (no boots)
Stlth   ..........               E - amulet of reflection
HPRegen 0.27/turn                r - ring of protection from cold
MPRegen 0.13/turn                R - +4 ring of slaying

@: flying, studying Axes
A: no striking features
a: Renounce Religion, Minor Destruction, Lesser Servant of Makhleb


You were on level 5 of the Lair of Beasts.
You worshipped Makhleb.
Makhleb was most pleased with you.
You visited 3 branches of the dungeon, and saw 15 of its levels.
You also visited: Ossuary and Gauntlet.

You collected 624 gold pieces.

Inventory:

Hand Weapons
 a - the +4 mace of the Scorching Gods (weapon) {drain, Str+7}
   (You took it off a kobold on level 3 of the Dungeon)

   A truly terrible weapon, it drains the life of any living foe it strikes.
   Str:       It affects your strength (+7).
 b - a +5 arbalest
 n - a +1 war axe
 G - a +2 hand axe of venom
 U - a +0 sling
Missiles
 c - 6 silver javelins
 f - 57 stones
 v - 4 poisoned darts
 M - 2 throwing nets
 N - 5 boomerangs (quivered)
Armour
 o - a +2 kite shield (worn)
 s - a +0 helmet (worn)
 w - a +3 scale mail of poison resistance (worn)
 D - a +2 hat
 I - a +4 scale mail
 O - a +0 cloak (worn)
 X - a scarf of repulsion
Jewellery
 r - a ring of protection from cold (left hand)
 E - an amulet of reflection (around neck)
 J - an amulet of guardian spirit
 R - a +4 ring of slaying (right hand)
 S - a +4 ring of slaying
 T - the ring of Ito Poz {rF- Will+ Str+5 Dex+4}
   (You found it in a Gauntlet)

   [ring of willpower]

   Str:       It affects your strength (+5).
   Dex:       It affects your dexterity (+4).
   rF:        It makes you vulnerable to fire.
   Will:      It increases your willpower.
 V - a +6 ring of dexterity
 Y - the ring "Tiurchiad" {Ice rElec Dex+2}
   (You took it off a minotaur in a Gauntlet)

   [ring of ice]

   It enhances your ice magic.
   Dex:       It affects your dexterity (+2).
   rF:        It makes you vulnerable to fire.
   rC:        It protects you from cold.
   rElec:     It insulates you from electricity.
Wands
 j - a wand of digging (2)
 q - a wand of iceblast (3)
 B - a wand of flame (12)
 L - a wand of quicksilver (12)
 W - a wand of charming (6)
Scrolls
 d - 2 scrolls of brand weapon
 e - a scroll of magic mapping
 h - 4 scrolls of amnesia
 i - 3 scrolls of enchant weapon
 x - 4 scrolls of noise
 K - a scroll of poison {unknown}
 P - 2 scrolls of immolation
 Z - a scroll of identify
Potions
 g - 5 potions of mutation
 k - 2 potions of ambrosia
 l - a potion of haste
 m - a potion of degeneration {unknown}
 A - 2 potions of magic {unknown}
 F - 2 potions of attraction
 Q - a potion of lignification {unknown}


   Skills:
 + Level 8.9 Fighting
 + Level 5.8(10.0) Axes
 + Level 10.6(11.1) Maces & Flails
 + Level 6.9 Throwing
 + Level 9.4 Armour
 + Level 3.7 Dodging
 + Level 1.4 Stealth
 + Level 10.8 Shields
 + Level 2.6 Invocations
 + Level 1.4 Evocations


You had 10 spell levels left.
You knew the following spells:

 Your Spells              Type           Power      Damage    Failure   Level
a - Shock                 Conj/Air       0%         1d3       88%         1

Your spell library contained the following spells:

 Spells                   Type           Power      Damage    Failure   Level
 Ensorcelled Hibernation  Hex/Ice        0%         N/A       95%         2
 Scorch                   Fire           0%         2d5       95%         2
 Spider Form              Tmut/Pois      0%         N/A       99%         3
 Stone Arrow              Conj/Erth      0%         3d7       99%         3
 Swiftness                Air            0%         N/A       99%         3
 Airstrike                Air            0%         2d(0-16)  100%        4
 Anguish                  Hex/Necr       0%         N/A       100%        4
 Animate Armour           Summ/Erth      0%         N/A       100%        4
 Flame Wave               Conj/Fire      0%         2d4       100%        4
 Summon Forest            Summ/Tloc      0%         N/A       100%        5
 Summon Mana Viper        Hex/Summ       0%         N/A       100%        5
 Summon Cactus Giant      Summ           0%         N/A       100%        6
 Lehudib's Crystal Spear  Conj/Erth      0%         10d2      100%        8


Dungeon Overview and Level Annotations

Branches:
Dungeon (9/15)             Temple (1/1) D:4            Lair (5/5) D:8
Ossuary (visited)         Gauntlet (visited)
  Swamp: Lair:2-3    Shoals: Lair:2-3     Snake: Lair:2-3    Spider: Lair:2-3
  Slime: Lair:4-5       Orc: D:9-12

Altars:
Ashenzari
Cheibriados
Dithmenos
Fedhas
Gozag
Hepliaklqana
Kikubaaqudgha
Makhleb
Nemelex Xobeh
Okawaru
Qazlal
Ru
Sif Muna
Trog
Uskayaw
Xom
Yredelemnul
Zin

Shops:
D:1 [

Annotations:
D:2 Sigmund
Lair:1 1 transporter
Lair:3 Amaemon
Lair:5 Nessos


Message History

You block the wyvern's attack. You block the cane toad's attack.
The polar bear growls angrily.
You hear a shout!
The cane toad closely misses you. The cane toad attacks as you move away!
You block the cane toad's attack. You block the polar bear's attack.
The polar bear closely misses you.
The polar bear claws you but does no damage.
The hornet barely misses you. The wyvern barely misses you.
You block the hornet's attack. The hornet stings you.
* * * LOW HITPOINT WARNING * * *
The hornet attacks as you move away! You block the hornet's attack.
Nessos the Markscentaur comes into view.
They are wearing a +1 barding of cold resistance.
Nessos shouts!
You hear a bellow!
Nessos mumbles some strange words.
Nessos seems to speed up.
The wyvern closely misses you.
Nessos wields a +1 longbow of flaming.
It bursts into flame!
Nessos shoots an arrow.
You reflect the arrow off an invisible shield around you!
The arrow hits Nessos!
The arrow burns Nessos.
Nessos looks as sick as possible!
Nessos shoots an arrow.
You reflect the arrow off an invisible shield around you!
The arrow hits Nessos but does no damage.
You block the hornet's attack. The wyvern attacks as you move away!
The wyvern closely misses you.
Nessos shoots an arrow.
The arrow barely misses you.
Nessos gestures wildly while chanting.
Nessos blinks!
You block the polar bear's attack.
The polar bear claws you but does no damage.
You block the polar bear's attack. You block the wyvern's attack.
You hear a bellow!
Nessos shoots an arrow.
You reflect the arrow off an invisible shield around you!
The arrow hits Nessos!
The arrow burns Nessos.
Nessos looks as sick as possible!
Nessos shoots an arrow.
You reflect the arrow off an invisible shield around you!
The arrow hits Nessos!!
The arrow burns Nessos!
Nessos looks as sick as possible!
The death yak gores the plant!
The plant begins to die.
A yak comes into view.
Nessos shoots an arrow.
The arrow hits you!
You die...

#~..Y....
#........
~~......##
~~ยง.c....#
#........#
#~.......##
~.........#
~......@#
#.$...hl#
##~.....h###
~~......Y..#
~~~...FYyP##
~#~.....Y.#
~~.......##
~~~........#
~~~~.......#


You could see 3 death yaks, Nessos (fast, extremely poisoned), 2 polar bears, a
yak, a cane toad, a hornet and a wyvern.

Vanquished Creatures
  A hell beast (Gauntlet)
  A glowing orange brain (Gauntlet)
  An ugly thing (Gauntlet)
  A black mamba (Lair:2)
  4 cane toads
  A rime drake (Lair:2)
  10 komodo dragons
  The ghost of Belterius the Trooper, an amateur MiFi (D:4)
  Grinder (D:6)
  A hornet (D:7)
  2 wyverns
  2 wraiths (Ossuary)
  8 yaks
  A vampire (D:9)
  2 basilisks
  3 fire bats (Lair:1)
  A steam dragon (D:8)
  3 wargs
  6 water moccasins
  2 hell hounds (Gauntlet)
  An orc warrior (D:6)
  2 black bears (Lair:1)
  A sky beast (D:7)
  2 ice beasts (D:5)
  A wolf (Lair:1)
  2 ogres
  2 centaurs
  2 phantoms (D:6)
  A kobold brigand (D:8)
  12 bullfrogs
  2 scorpions
  A gnoll sergeant (D:6)
  2 wights (Ossuary)
  Dowan (D:6)
  2 howler monkeys
  2 jellies (D:5)
  8 hounds
  7 orc priests
  A bullfrog skeleton (D:4)
  Ijyb (D:4)
  5 orc wizards
  5 iguanas
  A howler monkey skeleton (D:4)
  6 gnolls
  9 adders
  A shadow imp (D:6)
  4 white imps
  An ufetubus (D:6)
  An adder zombie (Ossuary)
  A worm (D:2)
  3 dart slugs
  28 orcs
  4 endoplasms
  3 giant cockroaches
  4 goblins
  3 hobgoblins
  9 jackals
  12 kobolds
  5 quokkas
  3 ball pythons
  A ball python skeleton (Ossuary)
  3 bats (D:1)
  4 frilled lizards
  A hobgoblin skeleton (Ossuary)
  A hobgoblin zombie (Ossuary)
  A jackal zombie (D:5)
  4 kobold zombies
  2 orc skeletons (Ossuary)
  An orc zombie (Ossuary)
  5 rats
236 creatures vanquished.

Vanquished Creatures (collateral kills)
  A minotaur (Gauntlet)
  A catoblepas (Lair:5)
  A glowing orange brain (Gauntlet)
  4 yaks
  A wyvern (Lair:2)
  2 water moccasins
  2 wolves (Lair:1)
  4 kobolds (D:8)
16 creatures vanquished.

Vanquished Creatures (others)
  An orc wizard (D:6)
  25 demonic plants (Gauntlet)
  4 fungi
  24 plants
  A withered plant (Gauntlet)
55 creatures vanquished.

Grand Total: 307 creatures vanquished

Notes
Turn   | Place    | Note
-------+----------+-------------------------------------------
     0 | D:1      | Lolow the Hill Orc Fighter began the quest for the Orb.
     0 | D:1      | Reached XP level 1. HP: 19/19 MP: 1/1
   163 | D:1      | Reached XP level 2. HP: 27/27 MP: 2/2
   519 | D:1      | Reached XP level 3. HP: 33/33 MP: 3/3
   610 | D:1      | Found Myhuw's Armour Shoppe.
  1094 | D:2      | Noticed Sigmund
  1278 | D:2      | Reached XP level 4. HP: 29/40 MP: 4/4
  1548 | D:3      | Identified the +4 mace of the Scorching Gods {drain, Str+7}
  1552 | D:3      | Reached skill level 5 in Axes
  1569 | D:3      | Reached XP level 5. HP: 44/46 MP: 5/5
  1673 | D:3      | Learned a level 1 spell: Shock
  2086 | D:4      | Noticed Ijyb
  2129 | D:4      | Found a staircase to the Ecumenical Temple.
  2138 | Temple   | Entered the Ecumenical Temple
  2143 | Temple   | Upgraded the game from 0.30-a0-159-g068b764562 to
                  | 0.30-a0-165-g1891117ce2
  2147 | Temple   | Became a worshipper of Makhleb the Destroyer
  2230 | D:4      | Reached skill level 1 in Maces & Flails
  2230 | D:4      | Reached XP level 6. HP: 50/53 MP: 6/6
  2283 | D:4      | Found a snail-covered altar of Cheibriados.
  2571 | D:4      | Killed Ijyb
  2634 | D:4      | Found a hide-covered altar of Uskayaw.
  2825 | D:4      | Reached skill level 1 in Throwing
  2847 | D:4      | Reached skill level 5 in Fighting
  2956 | D:4      | Found a runed translucent gate.
  2957 | D:4      | Found a runed translucent gate.
  2957 | D:4      | Found a runed translucent gate.
  2959 | D:4      | Noticed Belterius's ghost (amateur MiFi)
  3004 | D:4      | Killed Belterius's ghost
  3005 | D:4      | Reached XP level 7. HP: 24/61 MP: 7/7
  3007 | D:4      | Reached * piety under Makhleb
  3249 | D:5      | Entered Level 5 of the Dungeon
  3528 | D:5      | Reached skill level 1 in Dodging
  3528 | D:5      | Reached XP level 8. HP: 66/69 MP: 8/8
  3607 | D:5      | Reached skill level 5 in Armour
  3726 | D:5      | Reached skill level 5 in Maces & Flails
  3844 | D:5      | Found a sand-covered staircase.
  3870 | Ossuary  | Entered an ossuary
  3963 | Ossuary  | Noticed a wraith
  3963 | Ossuary  | Noticed a flying skull
  3974 | Ossuary  | Noticed a flying skull
  3980 | Ossuary  | Noticed a flying skull
  3980 | Ossuary  | Noticed a flying skull
  4005 | Ossuary  | Noticed a flying skull
  4029 | Ossuary  | Noticed a wraith
  4043 | Ossuary  | Killed a wraith
  4260 | Ossuary  | Noticed a wraith
  4270 | Ossuary  | Killed a wraith
  4784 | D:5      | Reached skill level 5 in Shields
  4935 | D:6      | Reached XP level 9. HP: 75/75 MP: 9/9
  5006 | D:6      | Reached ** piety under Makhleb
  5212 | D:6      | Noticed Grinder
  5239 | D:6      | Killed Grinder
  5300 | D:6      | Noticed Dowan
  5318 | D:6      | Killed Dowan
  5730 | D:6      | Reached skill level 1 in Evocations
  6584 | D:7      | Found an iron altar of Okawaru.
  6684 | D:7      | Noticed a hornet
  6689 | D:7      | Killed a hornet
  6690 | D:7      | Reached XP level 10. HP: 64/84 MP: 10/10
  6903 | D:7      | Found a shimmering altar of Xom.
  7007 | D:8      | Reached *** piety under Makhleb
  7309 | D:8      | Reached skill level 5 in Throwing
  7734 | D:9      | Noticed an orange demon
  7935 | D:8      | Found a staircase to the Lair.
  7948 | Lair:1   | Entered Level 1 of the Lair of Beasts
  8119 | Lair:1   | Noticed a cane toad
  8149 | D:8      | Killed a cane toad
  8199 | D:8      | Reached skill level 1 in Invocations
  8313 | Lair:1   | Noticed a cane toad
  8324 | Lair:1   | Killed a cane toad
  8483 | Lair:1   | Reached XP level 11. HP: 94/94 MP: 11/11
  8558 | Lair:1   | Found a transporter.
  8635 | Lair:1   | Found a transporter.
  9555 | Lair:2   | Reached skill level 1 in Stealth
  9849 | Lair:2   | Reached skill level 10 in Shields
 10775 | Lair:3   | Found a gate leading to a gauntlet.
 10783 | Lair:3   | Noticed Amaemon
 10789 | Gauntlet | Entered a Gauntlet
 10789 | Gauntlet | Found a transporter.
 10792 | Gauntlet | Found a transporter.
 10793 | Gauntlet | Noticed a hell beast
 10794 | Gauntlet | Noticed a large abomination
 10804 | Gauntlet | Found a transporter.
 10808 | Gauntlet | Found a transporter.
 10817 | Gauntlet | Noticed a cyan ugly thing
 10818 | Gauntlet | Noticed a glowing orange brain
 10819 | Gauntlet | Noticed a glowing orange brain
 10824 | Gauntlet | Found a transporter.
 10838 | Gauntlet | Found a runed translucent gate.
 10839 | Gauntlet | Found a transporter.
 10839 | Gauntlet | Found a runed translucent gate.
 10840 | Gauntlet | Found a runed translucent gate.
 10841 | Gauntlet | Noticed a blizzard demon
 10852 | Gauntlet | Found a transporter.
 10854 | Gauntlet | Noticed a sun demon
 10869 | Gauntlet | Found a transporter.
 10873 | Gauntlet | Found a transporter.
 10880 | Gauntlet | Noticed a ghost crab
 10881 | Gauntlet | Found a transporter.
 10912 | Gauntlet | Found a transporter.
 10912 | Gauntlet | Found a transporter.
 11003 | Gauntlet | Killed a hell beast
 11004 | Gauntlet | Reached skill level 10 in Maces & Flails
 11004 | Gauntlet | Reached XP level 12. HP: 56/103 MP: 13/13
 11420 | Gauntlet | Identified the ring of Ito Poz {rF- Will+ Str+5 Dex+4}
 11684 | Gauntlet | Identified the ring "Tiurchiad" {Ice rElec Dex+2}
 11684 | Gauntlet | Noticed a minotaur
 11692 | Gauntlet | Killed a minotaur
 12182 | Lair:5   | Entered Level 5 of the Lair of Beasts
 12182 | Lair:5   | Noticed a death yak
 12182 | Lair:5   | Noticed a death yak
 12182 | Lair:5   | Noticed a death yak
 12182 | Lair:5   | Noticed a death yak
 12182 | Lair:5   | Noticed a death yak
 12500 | Lair:4   | You fall into a shaft and drop 1 floor!
 12500 | Lair:5   | Noticed a catoblepas
 12545 | Lair:5   | Killed a catoblepas
 12562 | Lair:5   | HP: 5/103 [polar bear (4)]
 12566 | Lair:5   | Noticed Nessos
 12569 | Lair:5   | Shot with an arrow by Nessos

Illustrated notes

Levels and vault maps discovered:
D:1:      tarquinn_simple_flora_water_e, layout_basic, serial_shops,
          nicolae_shop_advertising_works [nicolae_subvault_shop_adworks]
D:2:      layout_rooms, ebering_ecumenical_altar_box, kennysheep_generic_room_8,
          uniq_crazy_yiuf_cottage, uniq_sigmund
D:3:      layout_rooms, serial_corexii_hall, chequers_hall_statues_y,
          corexii_hall_statues_i
D:4:      layout_loops_cross, mainiacjoe_overflow_tiny_flanked,
          mainiacjoe_overflow_chevrons, minmay_temple_entry_mini_moons,
          gammafunk_ghost_necromancy, uniq_ijyb
D:5:      layout_loops_cross, enter_ossuary_3
D:6:      layout_gridville, solitary_fountain, kennysheep_nondescript,
          minmay_manual_monstrance, uniq_grinder, uniq_duvessa
D:7:      minmay_general_purpose_star, layout_gridville, general_overflow_altar,
          okawaru_gym_becter, lemuel_doored_altar
D:8:      layout_gridville, erik_lair_orcish_takeover
D:9:      layout_loops_cross, uniq_maurice
Temple:   nicolae_temple_ecumenical_triangle
Lair:1:   gammafunk_cloud_chamber, layout_cave_pods, lemuel_old_faithful
Lair:2:   wander_river, layout_hall_layers
Lair:3:   minmay_lair_oklob_chamber, layout_gridlike,
          nicolae_swamp_entry_splash_gauntlet, spider_nest_entry_a,
          gauntlet_entry_generic, nicolae_quartered_pool_medium, uniq_kirke,
          uniq_amaemon
Lair:4:   layout_regular_city, grunt_forest_stairs_basic,
          chequers_serial_rivers_large_a, lemuel_fruit_tree
Lair:5:   gammafunk_lair_ancient_temple, layout_regular_city,
          minmay_slime_entry_pillars, uniq_nessos

Skill      XL: |  1  2  3  4  5  6  7  8  9 10 11 12 |
---------------+-------------------------------------+-----
Axes           | 3 5 |  5.8
Fighting       | 4 5 6 7 8 |  8.9
Maces & Flails | 1 3 4 6 7 8 10 | 10.6
Armour         | 4 6 7 8 9 |  9.4
Shields        | 4 5 7 9 10 | 10.8
Throwing       | 1 2 4 5 6 |  6.9
Dodging        | 1 2 3 |  3.7
Evocations     | 1 |  1.4
Invocations    | 1 2 |  2.6
Stealth        | 1 |  1.4

Action                   |  1- 3 |  4- 6 |  7- 9 | 10-12 || total
-------------------------+-------+-------+-------+-------++-------
Melee: War axe           |   105 |    38 |       |       ||   143
       Mace              |       |    82 |   245 |   323 ||   650
Throw: Dart              |       |    18 |   109 |    68 ||   195
       Stone             |       |     3 |       |    12 ||    15
       Boomerang         |       |       |    10 |    12 ||    22
       Throwing net      |       |       |       |     1 ||     1
Invok: Lesser Servant of |       |       |       |    12 ||    12
Evoke: Wand              |       |     5 |     3 |     9 ||    17
  Use: Scroll            |       |     7 |     6 |    12 ||    25
       Potion            |       |     5 |       |    15 ||    20
 Stab: Distracted        |       |       |       |     2 ||     2
Armor: Scale mail        |    40 |    53 |    82 |   130 ||   305
Dodge: Dodged            |    54 |    32 |    57 |   107 ||   250
Block: Buckler           |    35 |    28 |     5 |       ||    68
       Kite shield       |       |       |   166 |   395 ||   561
       Reflection        |       |       |     4 |    20 ||    24

Table legend: (Time is in decaauts)
 A = Elapsed time spent in this place.
 B = Non-inter-level travel time spent in this place.
 C = Inter-level travel time spent in this place.
 D = Time resting spent in this place.
 E = Time spent auto-exploring this place.
 F = Levels seen in this place.
 G = Mean time per level.
                   A        B        C        D        E       F      G
               +--------+--------+--------+--------+--------+-----+--------+
         Total |  12756 |  12756 |      0 |   3958 |   3711 |  17 |  750.4 |
       Dungeon |   7502 |   7502 |      0 |   1495 |   2585 |   9 |  833.6 |
        Temple |     64 |     64 |      0 |      0 |      0 |   1 |   64.0 |
          Lair |   3507 |   3507 |      0 |   1532 |   1003 |   5 |  701.4 |
       Ossuary |    634 |    634 |      0 |    340 |      0 |   1 |  634.0 |
      Gauntlet |   1046 |   1046 |      0 |    591 |    123 |   1 | 1046.0 |
               +--------+--------+--------+--------+--------+-----+--------+

Top non-repeatable levels by time:
  Lair:1: 1501 daAuts
     D:6: 1500 daAuts
  Lair:2: 1441 daAuts
     D:4: 1225 daAuts
     D:1: 1154 daAuts
Gauntlet: 1046 daAuts
     D:5: 984 daAuts
     D:8: 751 daAuts
 Ossuary: 634 daAuts
     D:7: 604 daAuts
     D:3: 484 daAuts
     D:2: 400 daAuts
     D:9: 396 daAuts
  Lair:4: 375 daAuts
  Lair:3: 117 daAuts
